 Dungeon Crawl Stone Soup version 0.22-a0-21-g9421e3f (console) character file.

491 puck the Skirmisher (level 7, -1/56 HPs)
             Began as a Human Fighter on Dec 27, 2017.
             Was an Initiate of Okawaru.
             Slain by a gnoll
             ... wielding a cursed -3 spear
              (7 damage)
             ... on level 5 of the Dungeon on Jan 2, 2018.
             The game lasted 00:56:50 (4945 turns).

puck the Skirmisher (Human Fighter)                 Turns: 4945, Time: 00:56:52

Health: -1/56      AC:  7    Str: 24    XL:     7   Next: 37%
Magic:  7/7        EV:  7    Int:  8    God:    Okawaru [......]
Gold:   227        SH: 10    Dex: 12    Spells: 6/6 levels left

rFire    . . .     SeeInvis .   a - +0 long sword
rCold    . . .     Gourm    .   c - +0 shield
rNeg     . . .     Faith    .   b - +0 scale mail
rPois    .         Spirit   .   (no helmet)
rElec    .         Reflect  .   (no cloak)
rCorr    .         Harm     .   (no gloves)
MR       .....                  (no boots)
Stlth    ..........             (no amulet)
HPRegen  0.18/turn              (no ring)
MPRegen  0.10/turn              (no ring)

@: mighty
A: no striking features
a: Renounce Religion


You were on level 5 of the Dungeon.
You worshipped Okawaru.
Okawaru was noncommittal.
You were not hungry.

You visited 1 branch of the dungeon, and saw 5 of its levels.

You collected 227 gold pieces.

Inventory:

Hand Weapons
 a - a +0 long sword (weapon)
 u - a +3 quarterstaff of chaos
Armour
 b - a +0 scale mail (worn)
 c - a +0 shield (worn)
Jewellery
 r - a cursed -2 ring of strength {unknown}
 w - an uncursed ring of positive energy {unknown}
Scrolls
 e - a scroll of enchant weapon {unknown}
 g - 3 scrolls of remove curse {unknown}
 h - 2 scrolls of immolation {unknown}
 j - 3 scrolls of fog {unknown}
 k - a scroll of random uselessness {unknown}
 l - 8 scrolls of identify {unknown}
 n - 2 scrolls of fear {unknown}
 o - 2 scrolls of magic mapping {unknown}
 v - a scroll of noise {unknown}
Potions
 d - a potion of might
 i - 2 potions of curing {unknown}
 m - 2 potions of magic {unknown}
 p - 3 potions of lignification {unknown}
 q - 2 potions of resistance {unknown}
 s - a potion of haste {unknown}
 t - a potion of ambrosia {unknown}
Comestibles
 f - 8 rations
 x - 2 chunks of flesh


   Skills:
 * Level 5.1 Fighting
 * Level 4.5 Long Blades
 + Level 4.1 Armour
 + Level 4.2 Shields


You had 6 spell levels left.
You didn't know any spells.

Dungeon Overview and Level Annotations

Branches:
Dungeon (5/15)
 Temple: D:4-7

Altars:
Nemelex Xobeh
Okawaru
Vehumet
Zin

Annotations:
D:3 5 exclusions
D:4 1 exclusion


Message History

You closely miss the gnoll.
The gnoll is moderately wounded.
The gnoll hits you. You block the gnoll's attack.
The gnoll hits you from afar with a spear!
You hit the gnoll but do no damage.
The gnoll is moderately wounded.
The gnoll hits you.
The gnoll barely misses you. x2; The gnoll completely misses you.
The gnoll hits you with a spear. The gnoll hits you but does no damage.
The gnoll hits you!
* * * LOW HITPOINT WARNING * * *
You block the gnoll's attack.
You climb downwards.
There is a stone staircase leading up here.
You barely miss the gnoll.
The gnoll is moderately wounded.
You block the gnoll's attack. The gnoll hits you but does no damage.
Char dumped successfully.
You feel very mighty all of a sudden. You block the gnoll's attack.
The gnoll hits you with a spear!
You die...

▒.▒▒▒▒▒
▒..g@g▒
▒▒▒▒▒.▒
...
▒▒▒▒


You could see 2 gnolls.

Vanquished Creatures
  A phantom (D:4)
  An ogre (D:4)
  A hound (D:4)
  Crazy Yiuf (D:2)
  2 centaur skeletons (D:4)
  Terence (D:2)
  A statue (D:4)
  A hound skeleton (D:4)
  8 adders
  An ooze (D:1)
  2 worms
  A dart slug (D:1)
  A leopard gecko (D:4)
  10 orcs
  4 giant cockroaches
  7 goblins
  2 hobgoblins
  4 jackals (D:2)
  A ball python (D:2)
  2 bats
  7 frilled lizards
  6 kobolds
  7 rats
72 creatures vanquished.

Notes
Turn   | Place    | Note
-------+----------+-------------------------------------------
     0 | D:1      | puck the Human Fighter began the quest for the Orb.
     0 | D:1      | Reached XP level 1. HP: 18/18 MP: 1/1
   382 | D:1      | Reached XP level 2. HP: 24/24 MP: 2/2
   804 | D:2      | Reached XP level 3. HP: 29/29 MP: 3/3
   880 | D:2      | Reached XP level 4. HP: 29/35 MP: 4/4
  1047 | D:2      | Noticed Terence
  1067 | D:2      | Killed Terence
  1733 | D:2      | Reached XP level 5. HP: 42/42 MP: 5/5
  2187 | D:2      | Found a runed door.
  2261 | D:2      | Noticed Crazy Yiuf
  2266 | D:2      | Killed Crazy Yiuf
  2490 | D:3      | Reached skill level 4 in Fighting
  2498 | D:3      | Found a faded altar of an unknown god.
  2574 | D:3      | Found an iron altar of Okawaru.
  2655 | D:3      | Found a glowing silver altar of Zin.
  3792 | D:3      | Became a worshipper of Warmaster Okawaru
  3828 | D:4      | Noticed a phantom
  3985 | D:4      | Killed a phantom
  3985 | D:4      | Reached XP level 6. HP: 38/49 MP: 6/6
  4277 | D:4      | Reached XP level 7. HP: 50/55 MP: 7/7
  4301 | D:4      | Reached skill level 5 in Fighting
  4507 | D:4      | Found a radiant altar of Vehumet.
  4815 | D:4      | Upgraded the game from 0.21-a0-632-g1e37ce5 to 0.22-a0-21-g9421e3f
  4893 | D:4      | Found a sparkling altar of Nemelex Xobeh.
  4935 | D:5      | Entered Level 5 of the Dungeon
  4942 | D:4      | HP: 5/56 [gnoll (7)]
  4945 | D:5      | Slain by a gnoll

Vault maps used:
D:1:      lemuel_arrival_lava_pool, columned_hall_lemuel
D:2:      corexii_leaking_fountain, uniq_terence, uniq_crazy_yiuf_cottage
D:3:      lemuel_doored_altar, chequers_ecumenical_altar_simple_redux,
          first_ration, okawaru_metal_pillars_1_2
D:4:      vehumet_statue, nemelex_xobeh_ov_fountains_minmay
D:5:      nicolae_qazlal_style_of_elements, dk_vineyard_3

Skill      XL: |  1  2  3  4  5  6  7 |
---------------+----------------------+-----
Long Blades    | 3 4 |  4.5
Fighting       | 4 5 |  5.1
Armour         | 4 |  4.1
Shields        | 4 |  4.2

Action                   |  1- 3 |  4- 6 |  7- 9 || total
-------------------------+-------+-------+-------++-------
Melee: Long sword        |    59 |   205 |    32 ||   296
  Use: Potion            |       |     1 |     1 ||     2
  Eat: Chunk             |       |     6 |       ||     6
       Ration            |       |     2 |       ||     2
Armor: Scale mail        |    30 |    71 |    16 ||   117
Dodge: Dodged            |    25 |    68 |    12 ||   105
Block: Shield            |    33 |   105 |    28 ||   166
       Rpst.: Long sword |    10 |    23 |     1 ||    34

Table legend:
 A = Spawn XP
 B = Non-spawn XP
 C = Spawn XP percentage of total XP
 D = Spawn monster count
 E = Non-spawn monster count
 F = Spawn count percentage of total count
 G = Total turns spent on level
                    A         B        C        D         E        F      G
               +---------+---------+-------+---------+---------+-------+---------
         Total |       0 |     702 |   0.0 |       0 |      72 |   0.0 |  4945
               +---------+---------+-------+---------+---------+-------+---------
           D:1 |       0 |      27 |   0.0 |       0 |      14 |   0.0 |   793
           D:2 |       0 |     159 |   0.0 |       0 |      25 |   0.0 |  1676
           D:3 |       0 |      82 |   0.0 |       0 |      19 |   0.0 |  1449
           D:4 |       0 |     434 |   0.0 |       0 |      14 |   0.0 |  1023
               +---------+---------+-------+---------+---------+-------+---------
